MID
LAKEWOOD BLUECLAWS @ WISCONSIN TIMBER RATTLERS
08/29/2047
 
TOP OF THE 1ST
Lakewood BlueClaws batting - Pitching for Wisconsin Timber Rattlers : LHP Matt Wojtkiewicz
Pitching: LHP Matt Wojtkiewicz
Batting: RHB Joe Hewitt 0-0: Called Strike
0-1: SINGLE (Groundball, 4MD, EV 98.8 MPH)
Batting: SHB Ben Myers 0-0: Called Strike
0-1: Ball
1-1: Swinging Strike
1-2: Grounds into double play, 6-4-3 (Groundball, 6MD, EV 85.6 MPH)
Batting: RHB Vaclav Been 0-0: Ball
1-0: Ball
2-0: Called Strike
2-1: Ball
3-1: Foul Ball, location: 2F
3-2: SINGLE (Groundball, 56D, EV 93.8 MPH)
Batting: RHB Allen Gravel 0-0: Foul Ball, location: 2F
0-1: Swinging Strike
0-2: Strikes out swinging
Top of the 1st over - 0 runs, 2 hits, 0 errors, 1 left on base; Lakewood 0 - Wisconsin 0
BOTTOM OF THE 1ST
Wisconsin Timber Rattlers batting - Pitching for Lakewood BlueClaws : RHP Danny Zuniga
Pitching: RHP Danny Zuniga
Batting: LHB Rick Campbell 0-0: SINGLE (Line Drive, 56, EV 95.6 MPH)
Batting: LHB Karel Hort 0-0: Foul Ball, location: 2F
0-1: Ball
1-1: Foul Ball, location: 2F
1-2: Foul Ball, location: 2F
1-2: Strikes out looking
Batting: SHB Justin Hensley 0-0: Called Strike
0-1: Swinging Strike
0-2: Ball
1-2: Ball
2-2: Ball
3-2: Base on Balls
Rick Campbell to second
Batting: LHB Jason Raker 0-0: Ball
Rick Campbell is caught stealing 3rd base 2-5
Justin Hensley to second
1-0: Foul Ball, location: 2F
1-1: Fly out, F7 (Flyball, 7, EV 95.6 MPH)
Bottom of the 1st over - 0 runs, 1 hit, 0 errors, 1 left on base; Lakewood 0 - Wisconsin 0
TOP OF THE 2ND
Lakewood BlueClaws batting - Pitching for Wisconsin Timber Rattlers : LHP Matt Wojtkiewicz
Batting: LHB Eric Farren 0-0: Called Strike
0-1: Foul Ball, location: 2F
0-2: Fly out, F7 (Flyball, 78S, EV 82.5 MPH)
Batting: RHB Marcus Dawson 0-0: Foul Ball, location: 2F
0-1: Ball
1-1: Foul Ball, location: 2F
1-2: Ball
2-2: Foul Ball, location: 2F
2-2: Strikes out swinging
Batting: RHB Frank Ramirez 0-0: Ball
1-0: Ball
2-0: Called Strike
2-1: Ball
3-1: Foul Ball, location: 2F
3-2: Base on Balls
Batting: RHB Cory Bonham 0-0: Ball
1-0: Ball
2-0: Foul Ball, location: 2F
2-1: Foul Ball, location: 2F
2-2: Strikes out swinging
Top of the 2nd over - 0 runs, 0 hits, 0 errors, 1 left on base; Lakewood 0 - Wisconsin 0
BOTTOM OF THE 2ND
Wisconsin Timber Rattlers batting - Pitching for Lakewood BlueClaws : RHP Danny Zuniga
Batting: SHB Craig Wright 0-0: Foul Ball, location: 2F
0-1: Ball
1-1: Ball
2-1: Ball
3-1: Ground out 4-3 (Groundball, 4MD, EV 81.9 MPH)
Batting: LHB Umar Matoub 0-0: Called Strike
0-1: Ball
1-1: Swinging Strike
1-2: Ball
2-2: Foul Ball, location: 2F
2-2: Ball
3-2: Ground out U3 (Groundball, 3, EV 87.5 MPH)
Batting: RHB Alfredo Sena 0-0: Ball
1-0: Foul Ball, location: 2F
1-1: Foul Ball, location: 2F
1-2: Ball
2-2: Ball
3-2: Base on Balls
Batting: RHB Dan Allred 0-0: Ball
1-0: Ball
2-0: Fly out, F8 (Flyball, 89D, EV 91.2 MPH)
Bottom of the 2nd over - 0 runs, 0 hits, 0 errors, 1 left on base; Lakewood 0 - Wisconsin 0
TOP OF THE 3RD
Lakewood BlueClaws batting - Pitching for Wisconsin Timber Rattlers : LHP Matt Wojtkiewicz
Batting: RHB Ioan Biros 0-0: Swinging Strike
0-1: Called Strike
0-2: Foul Ball, location: 2F
0-2: Strikes out swinging
Batting: RHB Joe Hewitt 0-0: Ball
1-0: Called Strike
1-1: Ball
2-1: Ball
3-1: Ground out 4-3 (Groundball, 4M, EV 86.2 MPH)
Batting: SHB Ben Myers 0-0: Ball
1-0: Called Strike
1-1: Ball
2-1: Ball
3-1: Fly out, F7 (Flyball, 7, EV 91.9 MPH)
Top of the 3rd over - 0 runs, 0 hits, 0 errors, 0 left on base; Lakewood 0 - Wisconsin 0
BOTTOM OF THE 3RD
Wisconsin Timber Rattlers batting - Pitching for Lakewood BlueClaws : RHP Danny Zuniga
Batting: RHB Brennan Cameron 0-0: Foul Ball, location: 2F
0-1: Called Strike
0-2: Foul Ball, location: 2F
0-2: Foul Ball, location: 2F
0-2: Fly out, F7 (Line Drive, 7, EV 93.1 MPH)
Batting: LHB Rick Campbell 0-0: Ball
1-0: Called Strike
1-1: Foul Ball, location: 2F
1-2: Ball
2-2: Strikes out swinging, 2-3 out at first.
Batting: LHB Karel Hort 0-0: Called Strike
0-1: DOUBLE (Line Drive, 9LM, EV 100.6 MPH)
Batting: SHB Justin Hensley 0-0: Ball
1-0: Ball
2-0: Ball
3-0: Called Strike
3-1: Swinging Strike
3-2: Strikes out swinging
Bottom of the 3rd over - 0 runs, 1 hit, 0 errors, 1 left on base; Lakewood 0 - Wisconsin 0
TOP OF THE 4TH
Lakewood BlueClaws batting - Pitching for Wisconsin Timber Rattlers : LHP Matt Wojtkiewicz
Batting: RHB Vaclav Been 0-0: Ball
1-0: Swinging Strike
1-1: Swinging Strike
1-2: Fly out, F8 (Flyball, 8RS, EV 82.5 MPH)
Batting: RHB Allen Gravel 0-0: Ball
1-0: Called Strike
1-1: Swinging Strike
1-2: Ball
2-2: Foul Ball, location: 2F
2-2: Strikes out swinging
Batting: LHB Eric Farren 0-0: Called Strike
0-1: Ball
1-1: Ground out 6-3 (Groundball, 6, EV 89.4 MPH)
Top of the 4th over - 0 runs, 0 hits, 0 errors, 0 left on base; Lakewood 0 - Wisconsin 0
BOTTOM OF THE 4TH
Wisconsin Timber Rattlers batting - Pitching for Lakewood BlueClaws : RHP Danny Zuniga
Batting: LHB Jason Raker 0-0: Foul Ball, location: 2F
0-1: Foul Ball, location: 2F
0-2: Ground out 6-3 (Groundball, 6, EV 91.2 MPH)
Batting: SHB Craig Wright 0-0: Ball
1-0: Foul Ball, location: 2F
1-1: Foul Ball, location: 2F
1-2: Ball
2-2: Strikes out swinging
Batting: LHB Umar Matoub 0-0: Ball
1-0: Called Strike
1-1: Foul Ball, location: 2F
1-2: Ground out 4-3 (Groundball, 34, EV 90.6 MPH)
Bottom of the 4th over - 0 runs, 0 hits, 0 errors, 0 left on base; Lakewood 0 - Wisconsin 0
TOP OF THE 5TH
Lakewood BlueClaws batting - Pitching for Wisconsin Timber Rattlers : LHP Matt Wojtkiewicz
Batting: RHB Marcus Dawson 0-0: Ball
1-0: Called Strike
1-1: Ground out 1-3 (Groundball, 13S, EV 70.6 MPH)
Batting: RHB Frank Ramirez 0-0: Ball
1-0: Ball
2-0: Called Strike
2-1: Foul Ball, location: 2F
2-2: Ground out 4-3 (Groundball, 4, EV 103.1 MPH)
Batting: RHB Cory Bonham 0-0: Called Strike
0-1: Swinging Strike
0-2: Strikes out swinging
Top of the 5th over - 0 runs, 0 hits, 0 errors, 0 left on base; Lakewood 0 - Wisconsin 0
BOTTOM OF THE 5TH
Wisconsin Timber Rattlers batting - Pitching for Lakewood BlueClaws : RHP Danny Zuniga
Batting: RHB Alfredo Sena 0-0: Ball
1-0: Fly out, F8 (Line Drive, 8LD, EV 85.0 MPH)
Batting: RHB Dan Allred 0-0: Ball
1-0: Ball
2-0: Swinging Strike
2-1: Swinging Strike
2-2: Ground out 4-3 (Groundball, 4, EV 92.5 MPH)
Batting: RHB Brennan Cameron 0-0: SOLO HOME RUN (Flyball, 8LXD, EV 106.2 MPH), Distance : 425 ft
Batting: LHB Rick Campbell 0-0: Ball
1-0: Ball
2-0: Foul Ball, location: 2F
2-1: Foul Ball, location: 2F
2-2: Ball
3-2: Base on Balls
Batting: LHB Karel Hort 0-0: SINGLE (Groundball, 34D, EV 101.9 MPH)
Rick Campbell to second
Runner from 2nd tries for 3rd, OUT! 9-5
Bottom of the 5th over - 1 run, 2 hits, 0 errors, 1 left on base; Lakewood 0 - Wisconsin 1
TOP OF THE 6TH
Lakewood BlueClaws batting - Pitching for Wisconsin Timber Rattlers : LHP Matt Wojtkiewicz
Batting: RHB Ioan Biros 0-0: Ball
1-0: Foul Ball, location: 2F
1-1: Ground out 6-3 (Groundball, 6, EV 105.0 MPH)
Batting: RHB Joe Hewitt 0-0: Called Strike
0-1: Ground out U3 (Groundball, 3, EV 100.0 MPH)
Batting: SHB Ben Myers 0-0: Ball
1-0: Ball
2-0: Called Strike
2-1: Called Strike
2-2: Foul Ball, location: 2F
2-2: Ground out 1-3 (Groundball, 15S, EV 66.2 MPH)
Top of the 6th over - 0 runs, 0 hits, 0 errors, 0 left on base; Lakewood 0 - Wisconsin 1
BOTTOM OF THE 6TH
Wisconsin Timber Rattlers batting - Pitching for Lakewood BlueClaws : RHP Danny Zuniga
Batting: SHB Justin Hensley 0-0: Ball
1-0: Ball
2-0: Fly out, F8 (Flyball, 8RXD, EV 89.4 MPH)
Batting: LHB Jason Raker 0-0: Called Strike
0-1: Ball
1-1: Ball
2-1: Swinging Strike
2-2: Fly out, F8 (Line Drive, 8LS, EV 99.4 MPH)
Batting: SHB Craig Wright 0-0: Called Strike
0-1: Ball
1-1: Swinging Strike
1-2: Ball
2-2: Strikes out swinging
Bottom of the 6th over - 0 runs, 0 hits, 0 errors, 0 left on base; Lakewood 0 - Wisconsin 1
TOP OF THE 7TH
Lakewood BlueClaws batting - Pitching for Wisconsin Timber Rattlers : LHP Matt Wojtkiewicz
Batting: RHB Vaclav Been 0-0: Foul Ball, location: 2F
0-1: Swinging Strike
0-2: Strikes out swinging
Batting: RHB Allen Gravel 0-0: Called Strike
0-1: Swinging Strike
0-2: Foul Ball, location: 2F
0-2: Ball
1-2: Strikes out swinging
Batting: LHB Eric Farren 0-0: Ball
1-0: Ball
2-0: Ball
3-0: Called Strike
3-1: Called Strike
3-2: Fly out, F6 (Popup, 6, EV 69.4 MPH)
Top of the 7th over - 0 runs, 0 hits, 0 errors, 0 left on base; Lakewood 0 - Wisconsin 1
BOTTOM OF THE 7TH
Wisconsin Timber Rattlers batting - Pitching for Lakewood BlueClaws : RHP Danny Zuniga
Pitching: LHP Ignacio Amaya
Batting: LHB Umar Matoub 0-0: Called Strike
0-1: Swinging Strike
0-2: Strikes out swinging
Batting: RHB Alfredo Sena 0-0: Ball
1-0: Ball
2-0: Fly out, F8 (Flyball, 8LD, EV 96.2 MPH)
Batting: RHB Dan Allred 0-0: Ball
1-0: Called Strike
1-1: Ball
2-1: Swinging Strike
2-2: Ball
3-2: Strikes out swinging
Bottom of the 7th over - 0 runs, 0 hits, 0 errors, 0 left on base; Lakewood 0 - Wisconsin 1
TOP OF THE 8TH
Lakewood BlueClaws batting - Pitching for Wisconsin Timber Rattlers : LHP Matt Wojtkiewicz
Pitching: RHP Jon Warren
Batting: RHB Marcus Dawson 0-0: DOUBLE (Line Drive, 89XD, EV 106.2 MPH)
Batting: RHB Frank Ramirez 0-0: Ball
1-0: Foul Ball, location: 2F
1-1: Ball
2-1: Swinging Strike
2-2: Ball
3-2: Base on Balls
Batting: RHB Cory Bonham 0-0: Called Strike
0-1: Ball
1-1: Fielders Choice at 2nd, 5-4 (Groundball, 56, EV 90.0 MPH)
Marcus Dawson to third
Batting: RHB Ioan Biros 0-0: Ball
1-0: Swinging Strike
1-1: Foul Ball, location: 2F
1-2: Strikes out looking
Batting: RHB Joe Hewitt 0-0: SINGLE (Groundball, P, EV 80.0 MPH) (infield hit)
Marcus Dawson scores
Cory Bonham to second
Batting: SHB Ben Myers 0-0: Ball
1-0: Fly out, F8 (Flyball, 8LS, EV 88.8 MPH)
Top of the 8th over - 1 run, 2 hits, 0 errors, 2 left on base; Lakewood 1 - Wisconsin 1
BOTTOM OF THE 8TH
Wisconsin Timber Rattlers batting - Pitching for Lakewood BlueClaws : LHP Ignacio Amaya
Pitching: RHP Jeremy Mitchem
Batting: RHB Brennan Cameron 0-0: Ground out 6-3 (Groundball, 6M, EV 107.5 MPH)
Batting: LHB Rick Campbell 0-0: Ball
1-0: Foul Ball, location: 2F
1-1: Ball
2-1: Ball
3-1: Base on Balls
Batting: LHB Karel Hort 0-0: Ball
Rick Campbell steals 2nd base
1-0: Ball
2-0: Hit by Pitch
Batting: SHB Justin Hensley 0-0: Called Strike
0-1: Called Strike
Rick Campbell steals 3rd base
Karel Hort to second
0-2: Strikes out swinging
Batting: LHB Jason Raker 0-0: Intentional Walk
Batting: SHB Craig Wright 0-0: Ball
1-0: Ball
2-0: Swinging Strike
2-1: Swinging Strike
2-2: Strikes out looking
Bottom of the 8th over - 0 runs, 0 hits, 0 errors, 3 left on base; Lakewood 1 - Wisconsin 1
TOP OF THE 9TH
Lakewood BlueClaws batting - Pitching for Wisconsin Timber Rattlers : RHP Jon Warren
Pitching: RHP Drew Tollefsen
Batting: RHB Vaclav Been 0-0: Ball
1-0: Ball
2-0: Ball
3-0: Called Strike
3-1: Foul Ball, location: 2F
3-2: Strikes out swinging
Batting: RHB Allen Gravel 0-0: Ball
1-0: SINGLE (Groundball, 4MD, EV 98.1 MPH)
Batting: LHB Eric Farren 0-0: Called Strike
0-1: Ball
1-1: SINGLE (Groundball, 6S, EV 67.5 MPH) (infield hit)
Allen Gravel to second
Pinch Runner at 2nd Gabe Fraunfelder:
Batting: RHB Marcus Dawson 0-0: Ball
1-0: Foul Ball, location: 2F
1-1: Called Strike
1-2: Strikes out looking
Batting: RHB Frank Ramirez 0-0: Ball
1-0: Called Strike
1-1: Called Strike
1-2: Fly out, F8 (Line Drive, 8RD, EV 91.2 MPH)
Top of the 9th over - 0 runs, 2 hits, 0 errors, 2 left on base; Lakewood 1 - Wisconsin 1
BOTTOM OF THE 9TH
Wisconsin Timber Rattlers batting - Pitching for Lakewood BlueClaws : RHP Jeremy Mitchem
Pitching: RHP Andy Burchfield
Batting: LHB Umar Matoub 0-0: Ball
1-0: Ball
2-0: Swinging Strike
2-1: Ball
3-1: Base on Balls
Batting: RHB Alfredo Sena 0-0: Fly out, F8 (Flyball, 8RD, EV 92.5 MPH)
Batting: RHB Dan Allred 0-0: Fly out, F3 (Popup, 34, EV 66.9 MPH)
Batting: RHB Brennan Cameron 0-0: Called Strike
0-1: Ball
1-1: Ball
2-1: 2-RUN HOME RUN (Flyball, 89XD, EV 101.9 MPH), Distance : 417 ft
Bottom of the 9th over - 2 runs, 1 hit, 0 errors, 0 left on base; Lakewood 1 - Wisconsin 3
Thursday, December 15th , 2022 - OOTP Baseball 23.9 Build 102